 Dungeon Crawl Stone Soup version 0.31-a0-675-g238779eb0a (webtiles) character file.

Game seed: 16711958786684586013

124 Xavori the Cutter (level 5, 0/37 HPs)
             Began as an Octopode Chaos Knight on Sept 6, 2023.
             Was a Plaything of Xom.
             Slain by a gnoll
             ... wielding a +0 halberd
              (15 damage)
             ... on level 3 of the Dungeon.
             The game lasted 00:01:59 (8760 turns).

Xavori the Cutter (Octopode Chaos Knight)           Turns: 8760, Time: 00:01:59

Health: 0/37       AC:  3    Str: 14    XL:     5   Next: 8%
Magic:  5/5        EV: 14    Int: 12    God:    Xom [...*..]
Gold:   150        SH:  0    Dex: 17    Spells: 4/4 levels left

rFire   . . .        a - +0 short sword (chaos)
rCold   . . .        (no shield)
rNeg    . . .        (helmet restricted)
rPois   +            (no amulet)
rElec   .            (no ring)
rCorr   .            (no ring)
SInv    .            (no ring)
Will    .....        (no ring)
Stlth   ++++         (no ring)
HPRegen 0.26/turn    (no ring)
MPRegen 0.09/turn    (no ring)
                     (no ring)

%: clarity
@: no status effects
A: almost no armour, amphibious, 8 rings, camouflage 1, gelatinous body 1,
(nimble swimmer 1), tentacles, iridescent scales 1, agile 1, clarity, poison
resistance, strong 1, evolution 1, inability to drink after injury 1
a: Renounce Religion


You were on level 3 of the Dungeon.
You worshipped Xom.
You were a favourite toy of Xom.
You visited 1 branch of the dungeon, and saw 3 of its levels.

You collected 150 gold pieces.

Inventory:

Hand Weapons
 a - a +0 short sword of chaos (weapon)
Jewellery
 g - a ring of ice
Wands
 i - a wand of light (5)
Scrolls
 b - a scroll of butterflies
 c - 2 scrolls of teleportation {unknown}
 d - a scroll of vulnerability {unknown}
 h - a scroll of revelation {unknown}
 j - a scroll of enchant armour {unknown}
Potions
 e - 3 potions of berserk rage {unknown}
 f - a potion of lignification {unknown}


   Skills:
 + Level 3.7 Fighting
 + Level 3.9 Short Blades
 + Level 2.7 Dodging
 + Level 3.6 Stealth
 * Level 0.4 Evocations


You had 4 spell levels left.
You didn't know any spells.
Your spell library was empty.

Dungeon Overview and Level Annotations

Branches:
Dungeon (3/15)

Altars:
Cheibriados
Xom

Shops:
D:1 [


Innate Abilities, Weirdness & Mutations

You cannot wear most types of armour.
You are amphibious.
You can wear up to eight rings at the same time.
Your skin changes colour to match your surroundings (Stealth+).
Your rubbery body absorbs attacks. (AC +1, EV +1)
((You are camouflaged when in or above water. (Stealth+)))
You have tentacles for arms and can constrict up to eight enemies at once.
You are partially covered in iridescent scales. (AC +2)
You are agile. (Dex +4, Str/Int -1)
You possess an exceptional clarity of mind.
Your system is resistant to poisons. (rPois)
Your muscles are strong. (Str +4, Int/Dex -1)
You have hidden genetic potential.
You occasionally lose the ability to drink potions when taking damage.


Message History

The gnoll misses you. The rat closely misses you.
You have reached level 5!
You feel agile.
You hit the rat.
You kill the rat!
The gnoll misses you.
You closely miss the frilled lizard. Your grab misses the frilled lizard.
The frilled lizard barely misses you. The gnoll closely misses you.
The gnoll attacks as it pursues you! The gnoll closely misses you.
The frilled lizard attacks as it pursues you!
The frilled lizard misses you.
The frilled lizard attacks as it pursues you!
The frilled lizard barely misses you.
A bat and a hobgoblin come into view.
The frilled lizard attacks as it pursues you!
The frilled lizard closely misses you. The bat completely misses you.
You closely miss the bat. You grab the bat. You constrict the bat.
The bat hits you but does no damage. x2
You hit the bat.
You kill the bat!
The frilled lizard closely misses you.
You closely miss the frilled lizard. Your grab misses the frilled lizard.
The gnoll closely misses you. The frilled lizard misses you.
You hit the hobgoblin but do no damage.
The hobgoblin resists with some effort.
You grab the hobgoblin. You squeeze the hobgoblin.
The hobgoblin is heavily wounded.
You constrict the hobgoblin, but do no damage.
The hobgoblin barely misses you. The gnoll closely misses you.
The frilled lizard closely misses you.
You hit the hobgoblin.
You kill the hobgoblin!
The gnoll barely misses you. The frilled lizard misses you.
You hit the frilled lizard. You freeze the frilled lizard.
You kill the frilled lizard!
You see here a bat corpse.
The gnoll attacks as it pursues you!
The gnoll hits you from afar with a +0 halberd!
The gnoll hits you with a +0 halberd!
You die...

##### ... .....
#.# ..... #.#
...$.. #@# ......
#####g# ......#
#.....#
...^...##.######
......)........##
###..†.........##
..>......).......#
.................#
..........)......#


You could see a gnoll.

Vanquished Creatures
  Terence (D:2)
  2 gnolls (D:3)
  2 adders (D:2)
  3 dart slugs
  8 ball pythons
  6 endoplasms
  A giant cockroach (D:2)
  A goblin (D:1)
  4 hobgoblins
  7 jackals (D:2)
  A quokka (D:2)
  7 bats
  2 frilled lizards
  6 kobolds
  3 rats
54 creatures vanquished.

Notes
Turn   | Place    | Note
-------+----------+-------------------------------------------
     0 | D:1      | Xavori the Octopode Chaos Knight began the quest for the
                  | Orb.
     0 | D:1      | Reached XP level 1. HP: 16/16 MP: 1/1
     5 | D:1      | Noticed a black mamba
    45 | D:1      | Found Hige's Antique Armour Emporium.
    94 | D:1      | XOM: potion effect (invisibility)
    96 | D:1      | Reached XP level 2. HP: 19/21 MP: 2/2
    99 | D:1      | Reached skill level 1 in Stealth
   163 | D:1      | XOM: silly message
   254 | D:1      | XOM: divination: detect creatures
   346 | D:1      | XOM: god gift: flail {god gift}
   405 | D:1      | Found a faded altar of an unknown god.
   435 | D:1      | Reached XP level 3. HP: 26/26 MP: 3/3
   597 | D:1      | XOM: silly message
  1227 | D:1      | XOM: silly message
  1647 | D:1      | XOM: divination: detect items
  2322 | D:1      | XOM: god gift: scroll labelled CYM QON VYW {god gift}
  3017 | D:1      | XOM is BORED!
  3017 | D:1      | XOM: give mutations
  3017 | D:1      | Gained mutation: Your muscles are strong. (Str +4, Int/Dex
                  | -1) [Xom's mischief]
  3017 | D:1      | Gained mutation: You occasionally lose the ability to drink
                  | potions when taking damage. [Xom's mischief]
  3917 | D:1      | XOM: give mutations
  3917 | D:1      | Gained mutation: One of your tentacles bears a spike.
                  | [Xom's grace]
  3917 | D:1      | Gained mutation: You are agile. (Dex +4, Str/Int -1) [Xom's
                  | grace]
  3917 | D:1      | Gained mutation: You have hidden genetic potential. [Xom's
                  | grace]
  3917 | D:1      | Gained mutation: Your system is resistant to poisons.
                  | (rPois) [Xom's grace]
  4595 | D:1      | XOM: summons 2 hostile demons
  4790 | D:2      | XOM: god gift: staff of conjuration
  4808 | D:2      | XOM: noise
  4819 | D:2      | Noticed Terence
  4832 | D:2      | Killed Terence
  4833 | D:2      | Reached XP level 4. HP: 21/31 MP: 4/4
  4926 | D:1      | XOM: summons 2 hostile demons
  4955 | D:2      | Gained mutation: You passively map a small area around you.
                  | [hidden potential]
  5801 | D:1      | XOM: scenery: create altars
  5806 | D:1      | XOM: scenery: summon butterflies
  5907 | D:1      | XOM: god gift: scroll labelled SAOPRI JOLU {god gift}
  6307 | D:1      | XOM: scenery: create altars
  6576 | D:1      | XOM: scenery: create altars
  6577 | D:1      | XOM: scenery: create altars
  6817 | D:1      | XOM: god gift: 51 gold pieces
  7185 | D:1      | XOM: cloud trail
  7975 | D:1      | XOM is BORED!
  7975 | D:1      | XOM: give mutations
  7975 | D:1      | Gained mutation: You possess an exceptional clarity of
                  | mind. [Xom's mischief]
  7975 | D:1      | Lost mutation: One of your tentacles bears a spike. [Xom's
                  | mischief]
  7975 | D:1      | Lost mutation: You passively map a small area around you.
                  | [Xom's mischief]
  8031 | D:2      | Found a snail-covered altar of Cheibriados.
  8058 | D:2      | XOM: cloud trail
  8121 | D:2      | XOM: fog
  8305 | D:2      | XOM: god gift: wand of light (5)
  8643 | D:2      | XOM: give mutation
  8643 | D:2      | Gained mutation: You are partially covered in iridescent
                  | scales. (AC +2) [Xom's grace]
  8744 | D:3      | Reached XP level 5. HP: 20/37 MP: 5/5
  8760 | D:3      | Slain by a gnoll

Illustrated notes

Levels and vault maps discovered:
D:1:      sevenhm_arrival_forest_fort_small_2, layout_basic, serial_shops, shop,
          hellmonk_ecumenical_altar_leap_of_faith
D:2:      layout_basic, basic_altar, uniq_terence
D:3:      layout_rooms

Skill      XL: |  1  2  3  4 |
---------------+-------------+-----
Stealth        | 1 2 3 |  3.6
Fighting       | |  3.7
Short Blades   | |  3.9
Dodging        | |  2.7
Evocations     | |  0.4

Action                     |  1- 3 |  4- 6 || total
---------------------------+-------+-------++-------
  Melee: Short sword       |    54 |    48 ||   102
         Constrict         |    15 |    13 ||    28
         Tentacles         |     8 |     7 ||    15
         Kick              |     4 |     3 ||     7
         Punch             |     1 |     1 ||     2
    Use: Scroll            |     1 |     1 ||     2
   Stab: Sleeping          |     7 |     3 ||    10
 Armour: Skin              |    16 |    17 ||    33
  Dodge: Dodged            |    31 |    46 ||    77

Table legend: (Time is in decaauts)
 A = Elapsed time spent in this place.
 B = Non-inter-level travel time spent in this place.
 C = Inter-level travel time spent in this place.
 D = Time resting spent in this place.
 E = Time spent auto-exploring this place.
 F = Levels seen in this place.
 G = Mean time per level.
                   A        B        C        D        E       F      G
               +--------+--------+--------+--------+--------+-----+--------+
         Total |   8744 |   8709 |     35 |   7119 |   1240 |   3 | 2914.7 |
       Dungeon |   8744 |   8709 |     35 |   7119 |   1240 |   3 | 2914.7 |
               +--------+--------+--------+--------+--------+-----+--------+

Top non-repeatable levels by time:
     D:1: 7691 daAuts
     D:2: 988 daAuts
     D:3: 64 daAuts
